 Dungeon Crawl Stone Soup version 0.27.1-33-g824d729ab1 (webtiles) character file.

Game seed: 8525851984192114183

2085 walnutcon the Martial Artist (level 9, -6/59 HPs)
             Began as a Demonspawn Transmuter on Dec 14, 2021.
             Was an Initiate of Dithmenos.
             Mangled by a two-headed ogre (10 damage)
             ... on level 5 of the Dungeon.
             The game lasted 01:02:01 (8437 turns).

walnutcon the Martial Artist (DsTm)                 Turns: 8437, Time: 01:02:02

Health: -6/59      AC:  6    Str: 11    XL:     9   Next: 6%
Magic:  0/21       EV: 19    Int: 16    God:    Dithmenos [......]
Gold:   233        SH:  0    Dex: 20    Spells: 1/12 levels left

rFire    . . .     SeeInvis .     - Unarmed
rCold    . . .     Faith    .   (shield currently unavailable)
rNeg     . . .     Spirit   +   (armour currently unavailable)
rPois    x         Reflect  .   (helmet currently unavailable)
rElec    .         Harm     .   (cloak currently unavailable)
rCorr    .         Rampage  .   (gloves unavailable)
Will     .....                  (boots currently unavailable)
Stlth    ++........             x - amulet of guardian spirit
HPRegen  0.19/turn              d - ring of magical power
MPRegen  0.17/turn              h - +4 ring of protection

@: spider-form (expiring)
A: venomous fangs, tiny, (claws 3), (large bone plates 1), powered by death 1
a: End Transformation, Renounce Religion


You were on level 5 of the Dungeon.
You worshipped Dithmenos.
Dithmenos was noncommittal.
You were a venomous arachnid creature.
You visited 2 branches of the dungeon, and saw 8 of its levels.

You collected 233 gold pieces.

Inventory:

Hand Weapons
 v - a +0 shortbow
 y - a +0 hunting sling
Missiles
 b - 190 stones
 k - 87 bolts
 m - 80 arrows
Armour
 a - a +1 robe (melded)
 i - a +0 cloak (melded)
Jewellery
 d - a ring of magical power (left front leg)
 h - a +4 ring of protection (right front leg)
 j - a ring of see invisible
 x - an amulet of guardian spirit (around neck)
Wands
 l - a wand of acid (16) (quivered)
 o - a wand of digging (7)
Scrolls
 e - 2 scrolls of identify
 f - 5 scrolls of enchant armour
 n - a scroll of vulnerability {unknown}
 p - a scroll of holy word {unknown}
 t - 2 scrolls of enchant weapon {unknown}
 u - 3 scrolls of blinking {unknown}
 w - a scroll of immolation {unknown}
Potions
 c - a potion of might {unknown}
 g - 2 potions of magic
 q - 3 potions of curing
 r - 2 potions of cancellation {unknown}
 s - a potion of brilliance {unknown}


   Skills:
 - Level 1.0 Fighting
 - Level 1.7 Dodging
 * Level 9.7 Unarmed Combat
 - Level 2.0 Spellcasting
 - Level 6.0 Transmutations


You had one spell level left.
You knew the following spells:

 Your Spells              Type           Power      Damage    Failure   Level
a - Beastly Appendage     Tmut           40%        N/A       8%          1
b - Wereblood             Tmut           20%        N/A       10%         2
c - Spider Form           Tmut/Pois      5%         N/A       38%         3
d - Ice Form              Ice/Tmut       11%        N/A       73%         4
e - Apportation           Tloc           2%         N/A       41%         1

Your spell library contained the following spells:

 Spells                   Type           Power      Damage    Failure   Level
 Animate Skeleton         Necr           2%         N/A       41%         1
 Corona                   Hex            1%         N/A       41%         1
 Pain                     Necr           4%         1d4       41%         1
 Summon Small Mammal      Summ           4%         N/A       41%         1
 Vampiric Draining        Necr           0%         2d6       73%         3


Dungeon Overview and Level Annotations

Branches:
Dungeon (7/15)             Temple (1/1) D:7

Altars:
Cheibriados
Dithmenos
Elyvilon
Gozag
Hepliaklqana
Kikubaaqudgha
Makhleb
Nemelex Xobeh
Okawaru
Qazlal
Sif Muna
Trog
Uskayaw
Wu Jian
Xom
Zin
The Shining One

Annotations:
D:3 2 transporters, jlumianski's ghost, novice GrMo


Innate Abilities, Weirdness & Mutations

You are a venomous arachnid creature.
You have poisonous fangs.
You are tiny and dextrous.
Your spellcasting is less reliable in this form.
Your armour is entirely melded.
You are incapable of wielding weapons or throwing items.
((You have claws for hands.))
((You are partially covered in large bone plates. (SH +4)))
You regenerate a little health from kills.


Message History

There is a stone staircase leading down here.
Done exploring.
There is a stone staircase leading up here.
You climb upwards.
The two-headed ogre hits you with a +0 giant club!
The two-headed ogre hits you with a +0 dire flail.
There is a stone staircase leading down here.
Casting: Spider Form (dangerous; 19% risk of failure)
Confirm with . or Enter, or press ? or * to list all spells.
You miscast Spider Form.
You are very lightly contaminated with residual magic.
Nothing appears to happen.
The two-headed ogre hits you with a +0 giant club.
The two-headed ogre hits you with a +0 dire flail!
Casting: Spider Form (dangerous; 19% risk of failure)
Confirm with . or Enter, or press ? or * to list all spells.
You turn into a venomous arachnid creature.
Your +0 cloak melds into your body.
Your +1 robe melds into your body.
The two-headed ogre hits you with a +0 giant club!
The two-headed ogre barely misses you.
You bite the two-headed ogre!
The two-headed ogre is lightly wounded.
You hit the two-headed ogre but do no damage.
The two-headed ogre is poisoned.
The two-headed ogre is lightly wounded.
The two-headed ogre closely misses you. x2
You bite the two-headed ogre!
The two-headed ogre looks as sick as possible!
The two-headed ogre is heavily wounded.
The two-headed ogre completely misses you.
The two-headed ogre hits you with a +0 dire flail!
Your magical contamination has completely faded away.
Your transformation is almost over.
You bite the two-headed ogre!
The two-headed ogre looks as sick as possible!
The two-headed ogre is almost dead.
The two-headed ogre hits you with a +0 giant club!!
* * * LOW HITPOINT WARNING * * *
The two-headed ogre hits you with a +0 dire flail!
You die...

#........##.##....
####>###.###.#)###
#.# #.####.)# #.#
#......)### #.#
####.#..... #.#
#...#### #.# #####
# ##########.# #
#......sO..# #
#.########## # #.#
# #.# # #.# # #.#
# #O# # #.# # #.#
############


You could see a two-headed ogre (extremely poisoned).

Vanquished Creatures
  A steam dragon (D:6)
  2 black bears (D:6)
  2 ice beasts
  2 sky beasts
  A necrophage (D:5)
  A centaur (D:6)
  2 ogres
  A kobold brigand (D:6)
  2 scorpions
  A wyvern zombie (D:6)
  3 howler monkeys
  A bullfrog zombie (D:6)
  3 hounds
  2 gnoll shamans
  An orc priest (D:7)
  4 iguanas
  5 orc wizards
  3 adders
  9 gnolls
  A howler monkey skeleton (D:6)
  A shadow imp (D:7)
  A white imp (D:6)
  An ufetubus (D:5)
  An adder skeleton (D:4)
  2 worms (D:2)
  A dart slug (D:2)
  23 orcs
  5 ball pythons
  2 bats (D:3)
  5 endoplasms
  5 giant cockroaches (D:2)
  10 goblins
  7 hobgoblins
  8 jackals (D:1)
  3 quokkas
  4 frilled lizards
  16 kobolds
  A rat (D:2)
  A spectral kobold (D:3)
144 creatures vanquished.

Vanquished Creatures (others)
  An orc (D:6)
1 creature vanquished.

Grand Total: 145 creatures vanquished

Notes
Turn   | Place    | Note
-------+----------+-------------------------------------------
     0 | D:1      | walnutcon the Demonspawn Transmuter began the quest for the
                  | Orb.
     0 | D:1      | Reached XP level 1. HP: 15/15 MP: 3/3
   431 | D:1      | Gained mutation: You have sharp fingernails. [demonic
                  | ancestry]
   431 | D:1      | Reached XP level 2. HP: 18/21 MP: 5/5
   535 | D:1      | Learned a level 2 spell: Wereblood
   723 | D:1      | Found a faded altar of an unknown god.
   783 | D:1      | Reached XP level 3. HP: 22/26 MP: 6/6
   789 | D:1      | Learned a level 3 spell: Spider Form
  1791 | D:2      | Gained mutation: You are partially covered in large bone
                  | plates. (SH +4) [demonic ancestry]
  1791 | D:2      | Reached XP level 4. HP: 32/32 MP: 7/7
  2118 | D:3      | Found a burning altar of Makhleb.
  2288 | D:3      | Noticed jlumianski's ghost (novice GrMo)
  2928 | D:4      | Reached skill level 5 in Transmutations
  2928 | D:4      | Gained mutation: You have very sharp fingernails. [demonic
                  | ancestry]
  2928 | D:4      | Reached XP level 5. HP: 30/37 MP: 8/8
  3179 | D:4      | Found an iron altar of Okawaru.
  3485 | D:4      | Noticed an ogre
  3503 | D:4      | Killed an ogre
  3504 | D:4      | Gained mutation: You have claws for hands. [demonic
                  | ancestry]
  3504 | D:4      | Reached XP level 6. HP: 43/43 MP: 9/9
  3596 | D:5      | Entered Level 5 of the Dungeon
  3879 | D:3      | Found a transporter.
  3886 | D:3      | Found a transporter.
  4311 | D:3      | Found a hazy altar of Hepliaklqana.
  4367 | D:3      | Reached skill level 3 in Unarmed Combat
  5039 | D:6      | Reached skill level 4 in Unarmed Combat
  5266 | D:5      | Reached XP level 7. HP: 34/48 MP: 10/10
  5502 | D:5      | Reached skill level 5 in Unarmed Combat
  5754 | D:5      | Reached skill level 6 in Unarmed Combat
  6024 | D:5      | Noticed a two-headed ogre
  6079 | D:6      | Reached XP level 8. HP: 47/54 MP: 11/11
  6139 | D:6      | Reached skill level 7 in Unarmed Combat
  6201 | D:6      | Found a shimmering altar of Xom.
  6366 | D:6      | Reached skill level 8 in Unarmed Combat
  7281 | D:7      | Reached skill level 9 in Unarmed Combat
  7408 | D:7      | Found a staircase to the Ecumenical Temple.
  7462 | Temple   | Entered the Ecumenical Temple
  7716 | Temple   | Became a worshipper of Dithmenos the Shadowed
  7867 | D:7      | Gained mutation: You regenerate a little health from kills.
                  | [demonic ancestry]
  7867 | D:7      | Reached XP level 9. HP: 55/59 MP: 12/12
  7991 | D:7      | Learned a level 4 spell: Ice Form
  7994 | D:7      | Learned a level 1 spell: Apportation
  8437 | D:5      | Mangled by a two-headed ogre

Illustrated notes

Levels and vault maps discovered:
D:1:      shiori_shiawase, layout_loops_ring,
          shapermc_ecumenical_altar_acropolis
D:2:      layout_basic, serial_park_tiny_2, supply_closet_lemuel,
          kennysheep_donut, kennysheep_pointless_box
D:3:      layout_basic, nicolae_hepliaklqana_monster_ancestors,
          mainiacjoe_overflow_brackets, mainiacjoe_overflow_six_doors_small,
          gammafunk_ghost_arena, minivault_14
D:4:      layout_basic, okawaru_metal_pillars_1_2, serial_glass,
          glass_columns_c, glass_columns_a, glass_columns_a
D:5:      layout_loops_ring, gammafunk_ghost_necromancy
D:6:      layout_loops_ring, mainiacjoe_overflow_alcove_2
D:7:      layout_loops_ring, temple_hall
Temple:   minmay_temple_bridge_abc

Skill      XL: |  1  2  3  4  5  6  7  8 |
---------------+-------------------------+-----
Transmutations | 2 3 4 5 6 |  6.0
Unarmed Combat | 4 6 9 |  9.7
Fighting       | |  1.0
Dodging        | |  1.7
Spellcasting   | |  2.0

Action                   |  1- 3 |  4- 6 |  7- 9 || total
-------------------------+-------+-------+-------++-------
Melee: Unarmed           |   134 |   145 |   168 ||   447
       Kick              |    14 |     5 |     6 ||    25
       Headbutt          |    13 |     7 |     5 ||    25
       Punch             |     1 |       |       ||     1
 Cast: Beastly Appendage |    28 |    15 |     8 ||    51
       Spider Form       |       |    18 |    18 ||    36
       Wereblood         |       |       |     2 ||     2
  Use: Scroll            |     1 |     5 |     1 ||     7
       Potion            |       |     1 |     1 ||     2
 Stab: Sleeping          |     1 |     1 |       ||     2
Armor: Robe              |    35 |    14 |     3 ||    52
       Skin              |       |    17 |    17 ||    34
Dodge: Dodged            |    77 |   112 |   110 ||   299
Block: Other             |       |     5 |     7 ||    12
